AoeStats
← a.l.a.n.t

African Clearing

504841238Analyzed
4v4 RM · 26d ago on Sep 6, 2026· 47m 19s· 8 players
Game mode
Random Map
Map size
Large (8 player)
Population
200
Speed
Normal
Resources
Standard
Victory
Conquest
Starting age
Dark Age
Ending age
Imperial Age
RankedLock teamsTeams togetherTeam positionsShared explorationLock speedFull tech treeHidden civsTurbo modeCheats
Victory
Defeat
🇨🇱 Magyars · Chile
1296
+14
🇦🇷 Japanese · Argentina
1250
+16
1241
+16
🇲🇽 Mongols · Mexico
1200
+18
🇪🇸 Cumans · Spain
1283
-18
🇬🇧 Mongols · United Kingdom
1270
-17
🇨🇦 Britons · Canada
1230
-15
🇷🇺 Huns · Russia
1190
-14
Lancelot
5:50 Loom
13:40 Feudal Age
14:28 Double-Bit Axe
18:29 Castle Age
21:56 Bow Saw
25:20 Forging
26:16 Fletching
26:22 Horse Collar
27:51 Wheelbarrow
27:36 Bodkin Arrow
30:30 Ballistics
36:56 Imperial Age
34:44 Town Watch
35:32 Hand Cart
36:28 Heavy Plow
37:09 Town Patrol
37:56 Bracer
38:19 Conscription
39:33 Padded Archer Armor
39:30 Murder Holes
40:37 Chemistry
40:14 Capped Ram
41:57 Drill
42:42 Leather Archer Armor
45:33 Siege Ram
[FeI] F0rever
14:00 Feudal Age
17:56 Castle Age
15:55 Double-Bit Axe
24:03 Fletching
24:36 Padded Archer Armor
24:53 Bodkin Arrow
27:36 Leather Archer Armor
28:58 Bloodlines
28:48 Husbandry
30:28 Thumb Ring
32:35 Husbandry
35:31 Arson
39:00 Wheelbarrow
42:30 Imperial Age
41:23 Horse Collar
42:07 Ballistics
43:57 Parthian Tactics
42:56 Heavy Cavalry Archer
43:38 Bracer
44:09 Ring Archer Armor
44:42 Chemistry
46:56 Siege Engineers
Thanos_Car
3:42 Loom
13:55 Feudal Age
14:51 Double-Bit Axe
15:00 Horse Collar
17:33 Scale Barding Armor
18:42 Wheelbarrow
18:59 Bloodlines
23:53 Castle Age
22:41 Town Watch
24:55 Bow Saw
25:09 Husbandry
27:38 Heavy Plow
31:47 Hand Cart
35:31 Chain Barding Armor
41:49 Imperial Age
41:49 Cavalier
43:12 Plate Barding Armor
43:10 Paladin
45:36 Conscription
In-Purpura-Veneficus
6:12 Loom
13:15 Feudal Age
17:40 Castle Age
17:13 Scale Barding Armor
19:37 Husbandry
19:59 Town Watch
26:56 Horse Collar
27:11 Double-Bit Axe
28:48 Forging
30:24 Wheelbarrow
33:04 Heavy Plow
33:15 Bow Saw
38:00 Imperial Age
36:58 Bloodlines
37:05 Gold Mining
38:48 Chain Barding Armor
39:20 Hand Cart
38:37 Heavy Camel Rider
40:21 Conscription
44:15 Chemistry
43:09 Imperial Camel Rider
PlayerNbrOne
12:02 Loom
14:25 Feudal Age
15:53 Wheelbarrow
19:05 Castle Age
17:20 Double-Bit Axe
21:47 Gold Mining
25:02 Fletching
26:10 Padded Archer Armor
26:34 Ballistics
27:23 Bodkin Arrow
31:01 Leather Archer Armor
Aspirante
9:35 Loom
12:17 Feudal Age
18:19 Horse Collar
18:40 Double-Bit Axe
21:40 Castle Age
23:41 Gold Mining
24:48 Bow Saw
25:22 Wheelbarrow
24:32 Town Watch
26:11 Stone Mining
27:45 Bloodlines
28:06 Heavy Plow
30:21 Forging
30:17 Scale Barding Armor
32:08 Hand Cart
32:47 Chain Barding Armor
33:02 Iron Casting
36:07 Imperial Age
37:32 Plate Barding Armor
37:32 Iron Casting
37:02 Cavalier
39:13 Light Cavalry
43:26 Hussar
45:28 Blast Furnace
48:16 Crop Rotation
a.l.a.n.t
6:39 Loom
15:00 Feudal Age
18:58 Castle Age
lidyaqu
10:12 Loom
12:21 Feudal Age
14:17 Town Watch
16:47 Castle Age
15:08 Fletching
17:41 Bodkin Arrow
23:08 Bloodlines
Connection lost

Rejoining the realm…

Still unreachable

The connection could not be restored.

Session expired

The server has moved on; the page needs a fresh start.